 Dungeon Crawl Stone Soup version 0.31.0-11-ge490571c62 (webtiles) character file.

Game seed: 5530069993875501380

2682 trckry the Agnostic (level 9, -2/70 HPs)
             Began as a Hill Orc Monk on Feb 1, 2024.
             Slain by a cyan ugly thing (7 damage)
             ... on level 7 of the Dungeon.
             The game lasted 00:12:54 (6436 turns).

trckry the Agnostic (Hill Orc Monk)                 Turns: 6436, Time: 00:12:54

Health: -2/70      AC: 12    Str: 14 (16) XL:     9   Next: 64%
Magic:  19/19      EV: 12    Int:  7 (10) God:
Gold:   492        SH:  5    Dex: 12 (13) Spells: 8/8 levels left

rFire   . . .        g - +0 rapier (venom)
rCold   . . .        d - orb {light}
rNeg    . . .        p - +3 chain mail
rPois   .            x - +0 helmet
rElec   .            (no cloak)
rCorr   .            (no gloves)
SInv    .            (no boots)
Will    .....        b - amulet of reflection Stlth
                     e - +5 ring of evasion
HPRegen 0.31/turn    (no ring)
MPRegen 0.16/turn

%: reflection
@: attractive, glowing
A: weak 1
a: no special abilities


You were on level 7 of the Dungeon.
You visited 2 branches of the dungeon, and saw 8 of its levels.

You collected 492 gold pieces.

Inventory:

Hand Weapons
 g - a +0 rapier of venom (weapon)
 o - a +1 short sword of electrocution
 z - a +0 war axe
Missiles
 f - 10 poisoned darts (quivered)
Armour
 d - an orb of light (worn)
 p - a +3 chain mail (worn)
 x - a +0 helmet (worn)
Jewellery
 b - an amulet of reflection (around neck)
 e - a +5 ring of evasion (left hand)
Wands
 w - a wand of polymorph (13)
 B - a wand of mindburst (19)
Scrolls
 h - a scroll of noise {unknown}
 j - 6 scrolls of identify {unknown}
 k - a scroll of blinking {unknown}
 m - 2 scrolls of fear {unknown}
 q - a scroll of vulnerability {unknown}
 r - a scroll of summoning {unknown}
 v - a scroll of revelation {unknown}
 y - 6 scrolls of teleportation {unknown}
 A - a scroll of immolation {unknown}
 C - a scroll of fog {unknown}
 D - a scroll of enchant weapon {unknown}
Potions
 a - 2 potions of curing {unknown}
 c - a potion of ambrosia
 l - a potion of brilliance {unknown}
 n - 4 potions of haste {unknown}
 u - a potion of heal wounds


   Skills:
 - Level 3.6 Fighting
 + Level 10.5 Axes
 - Level 2.4 Dodging
 * Level 13.4 Invocations


You had 8 spell levels left.
You didn't know any spells.
Your spell library contained the following spells:

 Spells                   Type           Power      Damage    Failure   Level
 Sublimation of Blood     Necr           0%         N/A       100%        2
 Gell's Gravitas          Tloc           0%         N/A       100%        3
 Summon Ice Beast         Ice/Summ       0%         N/A       100%        3
 Teleport Other           Tloc           0%         N/A       100%        3
 Petrify                  Alch/Erth      0%         N/A       100%        4
 Irradiate                Conj/Alch      0%         3d11      100%        5
 Summon Mana Viper        Hex/Summ       0%         N/A       100%        5
 Dispersal                Tloc           0%         N/A       100%        6
 Monstrous Menagerie      Summ           0%         N/A       100%        7


Dungeon Overview and Level Annotations

Branches:
Dungeon (7/15) Zot: 26834  Temple (1/1) D:4 Zot: 5984

Altars:
Ashenzari
Cheibriados
Dithmenos
Elyvilon
Fedhas
Gozag
Hepliaklqana
Makhleb
Nemelex Xobeh
Okawaru
Qazlal
Sif Muna
Trog
Xom
Zin
The Shining One


Innate Abilities, Weirdness & Mutations

You are weak. (Str -2)


Message History

The hornet attacks as it pursues you! The hornet closely misses you.
The hornet stings you.
* * * LOW HITPOINT WARNING * * *
You feel as though you will be slow longer.
You feel sick. The hornet barely misses you.
A killer bee comes into view.
You feel sick. The hornet attacks as it pursues you! The hornet stings you.
* * * LOW HITPOINT WARNING * * *
You suddenly lose the ability to move!
The hornet barely misses you.
You feel sick. The hornet stings you.
* * * LOW HITPOINT WARNING * * *
You feel as though you will be slow longer.
You can move again.
It was a potion of heal wounds.
You feel much better.
You feel sick. The killer bee misses you. The cyan ugly thing headbutts you.
The cyan ugly thing shocks you!
* * * LOW HITPOINT WARNING * * *
The killer bee stings you but does no damage.
It was a potion of degeneration.
There was something very wrong with that liquid.
You feel weakened.
You feel dopey.
You feel clumsy.
You feel sick.
You are no longer poisoned.
The killer bee barely misses you. x2; The cyan ugly thing closely misses you.
The killer bee closely misses you.
The cyan ugly thing headbutts you but does no damage.
It was a potion of mutation.
You feel extremely strange.
You feel weaker.
You feel yourself speed up.
The killer bee stings you but does no damage.
The killer bee stings you.
* * * LOW HITPOINT WARNING * * *
The cyan ugly thing headbutts you but does no damage.
The killer bee barely misses you.
It was a potion of attraction.
You feel attractive to monsters. The killer bee stings you.
* * * LOW HITPOINT WARNING * * *
The killer bee barely misses you. The cyan ugly thing headbutts you!
You die...

#..
#......>.......##
#..
##.s.............
#.#
#...............
#.#
#...........####
#..###.......####
#.Ds....#####
##y5.#### #u###
#@# #y# #.# ..#
... #... #..#
#..#


You could see a cyan ugly thing (poisoned), a hornet, an acid dragon, a
scorpion, a killer bee and an ufetubus.

Vanquished Creatures
  Pikel (D:4)
  Grinder (D:5)
  A wyvern (D:5)
  A steam dragon (D:6)
  An orc warrior (D:6)
  2 black bears (D:5)
  3 ice beasts (D:6)
  An ogre (D:6)
  A centaur (D:6)
  A lemure (D:4)
  3 bullfrogs
  A gnoll sergeant (D:5)
  A scorpion (D:5)
  A howler monkey (D:7)
  2 bombardier beetles (D:5)
  3 hounds
  An orc priest (D:5)
  A sleepcap (D:4)
  Ijyb (D:3)
  Terence (D:2)
  Natasha (thrice) (D:2)
  7 orc wizards
  Robin (D:3)
  3 gnolls (D:5)
  8 adders
  A white imp (D:6)
  2 dart slugs
  13 orcs
  6 bats
  2 endoplasms (D:1)
  6 giant cockroaches
  6 hobgoblins
  7 jackals
  3 quokkas (D:2)
  4 ball pythons
  5 frilled lizards
  15 goblins
  4 kobolds
  4 rats (D:1)
128 creatures vanquished.

Notes
Turn   | Place    | Note
-------+----------+-------------------------------------------
     0 | D:1      | trckry the Hill Orc Monk began the quest for the Orb.
     0 | D:1      | Reached XP level 1. HP: 19/19 MP: 1/1
   113 | D:1      | Reached skill level 1 in Invocations
   146 | D:1      | Found a faded altar of an unknown god.
   162 | D:1      | Reached XP level 2. HP: 22/26 MP: 3/3
   242 | D:1      | Reached skill level 2 in Invocations
   624 | D:1      | Reached XP level 3. HP: 31/31 MP: 5/5
   792 | D:2      | Reached skill level 3 in Invocations
   886 | D:2      | Noticed Natasha
   892 | D:2      | Killed Natasha
   893 | D:2      | Reached XP level 4. HP: 25/39 MP: 6/6
   983 | D:2      | Noticed Natasha
   988 | D:2      | Killed Natasha
   989 | D:2      | Reached skill level 5 in Axes
   989 | D:2      | Reached skill level 4 in Invocations
  1055 | D:2      | Noticed Natasha
  1061 | D:2      | Killed Natasha
  1062 | D:2      | Reached skill level 5 in Invocations
  1062 | D:2      | Reached XP level 5. HP: 36/45 MP: 8/8
  1138 | D:2      | Noticed Terence
  1159 | D:2      | Killed Terence
  1368 | D:2      | Found an opulent altar of Gozag.
  1609 | D:3      | Noticed Ijyb
  1836 | D:3      | Found a white marble altar of Elyvilon.
  1838 | D:3      | Found an opulent altar of Gozag.
  2038 | D:3      | Killed Ijyb
  2039 | D:3      | Reached skill level 6 in Invocations
  2039 | D:3      | Reached XP level 6. HP: 27/51 MP: 10/10
  2499 | D:3      | Noticed Robin
  2522 | D:3      | Killed Robin
  2732 | D:4      | Found a staircase to the Ecumenical Temple.
  2760 | Temple   | Entered the Ecumenical Temple
  2859 | D:4      | Noticed Pikel
  2860 | D:4      | Found a shadowy altar of Dithmenos.
  2898 | D:4      | Killed Pikel
  2899 | D:4      | Reached skill level 8 in Invocations
  2899 | D:4      | Reached XP level 7. HP: 47/57 MP: 10/13
  3271 | D:5      | Entered Level 5 of the Dungeon
  3284 | D:5      | Reached skill level 9 in Invocations
  3362 | D:5      | Noticed Grinder
  3363 | D:5      | Paralysed by Grinder for 4 turns
  3376 | D:5      | HP: 7/57 [Grinder (8)]
  3388 | D:5      | Noticed a wyvern
  3390 | D:5      | Paralysed by Grinder for 5 turns
  3406 | D:5      | Killed a wyvern
  3407 | D:5      | Reached XP level 8. HP: 28/64 MP: 13/15
  3691 | D:5      | Reached skill level 10 in Invocations
  3708 | D:5      | HP: 8/64 [gnoll/+0 whip[a gnoll sergeant] (6)]
  3713 | D:5      | HP: 3/64 [gnoll/+0 whip[a gnoll sergeant] (5)]
  4575 | D:5      | Killed Grinder
  4576 | D:5      | Reached skill level 11 in Invocations
  4968 | D:6      | Reached XP level 9. HP: 57/70 MP: 17/17
  5071 | D:6      | Reached skill level 12 in Invocations
  5422 | D:6      | Found an iron altar of Okawaru.
  5654 | D:6      | Reached skill level 10 in Axes
  5928 | D:6      | Reached skill level 13 in Invocations
  6409 | D:7      | Noticed a cyan ugly thing
  6409 | D:7      | Noticed a cyclops
  6411 | D:7      | Noticed a hornet
  6413 | D:7      | Noticed a boulder beetle
  6430 | D:7      | HP: 10/70 [poisoned by a hornet]
  6431 | D:7      | HP: 4/70 [hornet (4)]
  6431 | D:7      | Paralysed by a hornet for 2 turns
  6435 | D:7      | Gained mutation: You are weak. (Str -2) [potion of
                  | mutation]
  6436 | D:7      | HP: 5/70 [killer bee (1)]
  6436 | D:7      | Slain by a cyan ugly thing

Illustrated notes

Levels and vault maps discovered:
D:1:      eino_arrival_druids_welcome, layout_loops_cross,
          dreamdust_ecumenical_altar_angels_and_demons
D:2:      layout_loops_ring, basic_altar, minmay_tiny_reverse_x, uniq_natasha,
          uniq_terence
D:3:      kennysheep_the_goblin_king, layout_loops_ring,
          nicolae_overflow_hidden_temple, uniq_robin
D:4:      layout_basic, grunt_dithmenos_smoke_and_mirrors,
          minmay_temple_entry_glassed_door, uniq_pikel
D:5:      layout_loops_ring, uniq_grinder
D:6:      minmay_flawed_box, layout_basic, okawaru_ov_weapons_minmay
D:7:      layout_cave_pods, kennysheep_little_box, minmay_shattered_shrine
Temple:   nicolae_temple_hex_pool

Skill      XL: |  1  2  3  4  5  6  7  8  9 |
---------------+----------------------------+-----
Invocations    | 1 2 3 5 6 8 9 11 13 | 13.4
Axes           | 5 7 9 10 | 10.5
Fighting       | |  3.6
Dodging        | |  2.4

Action                     |  1- 3 |  4- 6 |  7- 9 || total
---------------------------+-------+-------+-------++-------
  Melee: Hand axe          |    19 |       |       ||    19
         Rapier            |    51 |   128 |   240 ||   419
         Unarmed           |       |    13 |       ||    13
  Throw: Dart              |       |     1 |     4 ||     5
    Use: Potion            |       |       |     5 ||     5
 Armour: Robe              |    15 |       |       ||    15
         Ring mail         |    16 |    18 |       ||    34
         Chain mail        |       |    59 |   252 ||   311
         Skin              |       |     7 |       ||     7
  Dodge: Dodged            |    74 |   106 |   180 ||   360
  Block: Other             |       |     1 |       ||     1
